 Dungeon Crawl Stone Soup version 0.31-a0-542-gdc2a67831c (webtiles) character file.

Game seed: 14052889443183058031

2 appezilla the Charlatan (level 1, 0/9 HPs)
             Began as a Spriggan Artificer on Aug 14, 2023.
             Slain by a kobold
             ... wielding a +0 dagger
              (2 damage)
             ... on level 1 of the Dungeon.
             The game lasted 00:01:13 (105 turns).

appezilla the Charlatan (Spriggan Artificer)         Turns: 105, Time: 00:01:14

Health: 0/9        AC:  2    Str:  8    XL:     1   Next: 33%
Magic:  2/2        EV: 17    Int: 12    God:
Gold:   12         SH:  0    Dex: 15    Spells: 0/0 levels left

rFire   . . .        a - +0 club
rCold   . . .        (no shield)
rNeg    . . .        b - +0 robe
rPois   .            (helmet restricted)
rElec   .            (no cloak)
rCorr   .            (gloves unavailable)
SInv    +            (boots unavailable)
Will    .....        (no amulet)
Stlth   ++           (no ring)
HPRegen 0.21/turn    (no ring)
MPRegen 0.08/turn

%: no passive effects
@: very quick
A: very small, no large weapons, unfitting armour, see invisible, speed 3
a: no special abilities


You were on level 1 of the Dungeon.
You visited 1 branch of the dungeon, and saw 1 of its levels.

You collected 12 gold pieces.

Inventory:

Hand Weapons
 a - a +0 club (weapon)
Armour
 b - a +0 robe (worn)
Wands
 c - a wand of flame (13) (quivered)
 d - a wand of charming (15)
 e - a wand of iceblast (5)


   Skills:
 + Level 0.8 Fighting
 + Level 3.2 Dodging
 + Level 1.7 Stealth
 + Level 4.0 Evocations


You couldn't memorise any spells.
You didn't know any spells.
Your spell library was empty.

Dungeon Overview and Level Annotations

Branches:
Dungeon (1/15)

Altars:


Innate Abilities, Weirdness & Mutations

You are very small and have problems with some larger weapons.
You are too small for most types of armour.
You have supernaturally acute eyesight. (SInv)
You cover ground extremely quickly. (Speed+++)


Message History

A rat comes into view.
Found an amethyst potion.
A kobold comes into view. It is wielding a +0 dagger.
Found a dagger.
The kobold shouts!
You barely miss the rat. The rat bites you but does no damage.
You hit the rat.
The rat is moderately wounded.
The rat barely misses you.
A rat comes into view.
The rat misses you.
A rat comes into view.
You hit the kobold but do no damage. The rat bites you but does no damage.
The kobold hits you with a +0 dagger.
You closely miss the kobold. The rat completely misses you.
The kobold hits you but does no damage.
You miss the kobold. The rat completely misses you.
The kobold hits you but does no damage. The rat misses you.
The kobold barely misses you.
You hit the kobold but do no damage. The rat bites you.
A giant cockroach comes into view.
The kobold misses you.
You hit the kobold but do no damage. The rat bites you but does no damage.
The rat closely misses you. The kobold hits you but does no damage.
You barely miss the kobold.
The rat misses you. x2; The kobold misses you.
The rat barely misses you.
The rat twitches its whiskers.
The rat misses you. The kobold misses you.
You barely miss the kobold. The rat barely misses you.
The kobold hits you with a +0 dagger.
You hit the kobold.
The kobold is moderately wounded.
The rat bites you. The rat closely misses you. The rat bites you.
* * * LOW HITPOINT WARNING * * *
The kobold barely misses you.
You completely miss the kobold.
The kobold is moderately wounded.
The rat completely misses you. The rat closely misses you.
The rat completely misses you. The kobold hits you with a +0 dagger.
You die...

....# ..##.# # ....#
#.##.### .## ....#
#.##...###..####
....######.##............
..................#
.######>..........# .. .#
#...........##.... .#
#..........r...... ..
..........r@###.... ###
###........rK# ...
#.........B.# !.
#............ #
........... ............
#####.)...... ##.#......


You could see a giant cockroach, a kobold and 3 rats.

Vanquished Creatures
  A ball python (D:1)
  A giant cockroach (D:1)
2 creatures vanquished.

Notes
Turn   | Place    | Note
-------+----------+-------------------------------------------
     0 | D:1      | appezilla the Spriggan Artificer began the quest for the
                  | Orb.
     0 | D:1      | Reached XP level 1. HP: 9/9 MP: 2/2
   105 | D:1      | Slain by a kobold

Illustrated notes

Levels and vault maps discovered:
D:1:      lightli_arrival_statue_moat, layout_rooms

Action                     || total
---------------------------++-------
  Melee: Club              ||    16
         Punch             ||     1
  Evoke: Wand              ||     2
 Armour: Robe              ||     6
  Dodge: Dodged            ||    25

Table legend: (Time is in decaauts)
 A = Elapsed time spent in this place.
 B = Non-inter-level travel time spent in this place.
 C = Inter-level travel time spent in this place.
 D = Time resting spent in this place.
 E = Time spent auto-exploring this place.
 F = Levels seen in this place.
 G = Mean time per level.
                   A        B        C        D        E       F      G
               +--------+--------+--------+--------+--------+-----+--------+
         Total |     85 |     81 |      4 |     22 |      0 |   1 |   85.0 |
       Dungeon |     85 |     81 |      4 |     22 |      0 |   1 |   85.0 |
               +--------+--------+--------+--------+--------+-----+--------+

Top non-repeatable levels by time:
     D:1: 85 daAuts
